[Event "ICC tourney 2533 (25 5)"]
[Site "Internet Chess Club"]
[Date "2021.04.24"]
[Round "3"]
[White "GERALD AVERY, JOHN:K09-16706744"]
[Black "T FEDDERSEN, NICHOLAS:K09-17108237"]
[Result "1-0"]
[ICCResult "Black resigns"]
[WhiteElo "1229"]
[BlackElo "682"]
[Opening "Caro-Kann: classical variation"]
[ECO "B18"]
[NIC "CK.10"]
[Time "15:14:07"]
[PlyCount "53"]
[TimeControl "1500+5"]

1. e4 c6 2. d4 d5 3. Nc3 dxe4 4. Nxe4 Bf5 5. Nc3 Nf6 6. Nf3 e6 7. Bg5 Be7
8. Bc4 Nbd7 9. O-O O-O 10. Re1 Nd5 11. Bxe7 Qxe7 12. Nxd5 cxd5 13. Bxd5 Qb4
14. Bb3 Nf6 15. Ne5 Rfd8 16. c3 Qd6 17. g4 Bg6 18. f4 Nd5 19. Qf3 f6 20.
Nxg6 hxg6 21. f5 gxf5 22. gxf5 exf5 23. Qxf5 Kf7 24. c4 Ne7 25. Qh5+ Kf8
26. c5 Qxd4+ 27. Kh1 { Black resigns } 1-0

[Event "ICC tourney 2533 (25 5)"]
[Site "Internet Chess Club"]
[Date "2021.04.24"]
[Round "3"]
[White "TANN, KEVIN:K09-16685678"]
[Black "KOSTINA, POLINA:K09-16025494"]
[Result "1-0"]
[ICCResult "Black checkmated"]
[WhiteElo "142"]
[BlackElo "831"]
[Opening "QGD Slav defense"]
[ECO "D10"]
[NIC "SL.01"]
[Time "15:14:45"]
[PlyCount "85"]
[TimeControl "1500+5"]

1. d4 c6 2. c4 d5 3. e3 Nf6 4. h3 Bf5 5. Nc3 Nbd7 6. c5 e6 7. f4 Be7 8. Nf3
b5 9. b4 a6 10. a4 Nf8 11. a5 Ng6 12. Bd3 Bxd3 13. Qxd3 O-O 14. O-O Nh5 15.
Kh2 Qc7 16. g4 Nhxf4 17. exf4 Rad8 18. Ne5 Nxe5 19. fxe5 f6 20. Bf4 f5 21.
g5 g6 22. h4 h5 23. gxh6 Bxh4 24. Rg1 Qh7 25. Qf1 Kh8 26. Qg2 Rg8 27. Bg5
Bxg5 28. Qxg5 Rdf8 29. Raf1 Rf7 30. Ne2 Rff8 31. Nf4 Re8 32. Nxg6+ Rxg6 33.
Qxg6 Rf8 34. Qg7+ Qxg7 35. hxg7+ Kg8 36. gxf8=Q+ Kxf8 37. Rg6 Kf7 38. Rfg1
f4 39. R6g2 Ke7 40. Rg7+ Kd8 41. R1g6 f3 42. Rh6 f2 43. Rh8# { Black
checkmated } 1-0

[Event "ICC tourney 2533 (25 5)"]
[Site "Internet Chess Club"]
[Date "2021.04.24"]
[Round "3"]
[White "BECKER, SEAN:K09-15734464"]
[Black "KIM, JOON:K09-16270585"]
[Result "0-1"]
[ICCResult "White checkmated"]
[WhiteElo "598"]
[BlackElo "1182"]
[Opening "Réti: King's Indian attack (Barcza system)"]
[ECO "A07"]
[NIC "QP.09"]
[Time "15:12:46"]
[PlyCount "90"]
[TimeControl "1500+5"]

1. Nf3 d5 2. g3 Nf6 3. Bg2 Bf5 4. O-O e6 5. Nc3 c5 6. d4 Bd6 7. Be3 Qb6 8.
Qd2 Nc6 9. a3 Bg4 10. b4 cxb4 11. axb4 Bxb4 12. Ra4 Ne4 13. Qd3 Nxc3 14.
Raa1 Ne4 15. Rab1 Qa6 16. h3 Bxf3 17. Bxf3 Qxd3 18. cxd3 Nf6 19. Bf4 O-O
20. e4 dxe4 21. dxe4 Bc3 22. d5 exd5 23. exd5 Nd4 24. Bg2 b6 25. Rbc1 Ne2+
26. Kh1 Nxc1 27. Rxc1 Bb4 28. d6 Rad8 29. Rc6 Bc5 30. Kg1 Rfe8 31. h4 Re1+
32. Kh2 Ng4+ 33. Kh3 Nxf2+ 34. Kh2 Nd3 35. Bd2 Re2 36. Bg5 f6 37. Bf4 Nxf4
38. gxf4 Rxd6 39. Rc8+ Kf7 40. f5 Rd7 41. Kh3 Rd3+ 42. Kh2 Bd6+ 43. Kg1
Rd1+ 44. Bf1 Bh2+ 45. Kh1 Rxf1# { White checkmated } 0-1

[Event "ICC tourney 2533 (25 5)"]
[Site "Internet Chess Club"]
[Date "2021.04.24"]
[Round "3"]
[White "CASTLE, CHASE:K09-30017074"]
[Black "MYASNIKOV, YELIZAVETA:K09-16896083"]
[Result "1-0"]
[ICCResult "Black checkmated"]
[WhiteElo "1111"]
[BlackElo "367"]
[Opening "Four knights: Spanish, classical defense"]
[ECO "C48"]
[NIC "KP.03"]
[Time "15:14:45"]
[PlyCount "75"]
[TimeControl "1500+5"]

1. e4 e5 2. Nf3 Nc6 3. Bb5 Nf6 4. Nc3 Bc5 5. O-O O-O 6. d3 d5 7. Bxc6 bxc6
8. Nxe5 d4 9. Ne2 Be6 10. Nf4 Qd6 11. Nxe6 Qxe6 12. Nf3 Bd6 13. Re1 Ng4 14.
h3 Nf6 15. e5 Bxe5 16. Rxe5 Qd6 17. Bf4 Rae8 18. Rxe8 Rxe8 19. Bxd6 cxd6
20. Nxd4 c5 21. Nb5 a5 22. Nxd6 Rd8 23. Nb7 Re8 24. Nxa5 Nd5 25. Nb3 Nf4
26. Nxc5 Re5 27. Qf3 g5 28. Nd7 Rf5 29. Qa8+ Kg7 30. Qf8+ Kg6 31. Qd6+ Ne6
32. Nf8+ Kh6 33. Nxe6 fxe6 34. Qxe6+ Kh5 35. Qxf5 h6 36. g4+ Kh4 37. Qg6 h5
38. Qxh5# { Black checkmated } 1-0

[Event "ICC tourney 2533 (25 5)"]
[Site "Internet Chess Club"]
[Date "2021.04.24"]
[Round "3"]
[White "KOLLI, SIVA:K09-16953345"]
[Black "R N JOSEPH, CONNOR:K09-17248378"]
[Result "1-0"]
[ICCResult "Black checkmated"]
[WhiteElo "181"]
[BlackElo "918"]
[Opening "two knights defense: Fegatello attack"]
[ECO "C57"]
[NIC "KP.01"]
[Time "15:14:07"]
[PlyCount "61"]
[TimeControl "1500+5"]

1. e4 e5 2. Nf3 Nc6 3. Bc4 Nf6 4. Ng5 d5 5. exd5 Nxd5 6. Nxf7 Kxf7 7. Qh5+
g6 8. Qf3+ Bf5 9. Bxd5+ Kg7 10. d3 Nd4 11. Qg3 Be7 12. Qxe5+ Bf6 13. Qf4
Qxd5 14. Qxc7+ Qf7 15. Bh6+ Kg8 16. Qc5 Qe7+ 17. Qxe7 Bxe7 18. Kd2 Rc8 19.
Nc3 g5 20. f4 Ne6 21. Nd5 Kf7 22. Nxe7 Kxe7 23. fxg5 Nd4 24. Rhe1+ Kf7 25.
c3 Ne6 26. Rf1 Kg6 27. h4 Bg4 28. Rf6+ Kh5 29. g3 Nc5 30. Bg7 Rhg8 31. Rh6#
{ Black checkmated } 1-0

[Event "ICC tourney 2533 (25 5)"]
[Site "Internet Chess Club"]
[Date "2021.04.24"]
[Round "3"]
[White "JUSTICE, DREW:K09-14561797"]
[Black "MERRILL, SYLVIA:K09-15066418"]
[Result "1-0"]
[ICCResult "Black checkmated"]
[WhiteElo "2030"]
[BlackElo "1540"]
[Opening "Grünfeld: Spassky variation, main line, 10...cd, 11.cd"]
[ECO "D88"]
[NIC "GI.06"]
[Time "15:13:55"]
[PlyCount "89"]
[TimeControl "1500+5"]

1. d4 g6 2. c4 Nf6 3. Nc3 d5 4. cxd5 Nxd5 5. e4 Nxc3 6. bxc3 Bg7 7. Bc4 c5
8. Ne2 O-O 9. O-O Nc6 10. Be3 cxd4 11. cxd4 Bg4 12. f3 Bd7 13. Rb1 Rc8 14.
Bb3 Na5 15. Qd2 Nxb3 16. Rxb3 b6 17. Rc1 Be6 18. d5 Bd7 19. Bh6 Rxc1+ 20.
Qxc1 Qc8 21. Bxg7 Qxc1+ 22. Nxc1 Kxg7 23. Rc3 Rc8 24. Ne2 Kf6 25. f4 Rxc3
26. Nxc3 e5 27. dxe6 Bxe6 28. Kf2 a6 29. Ke3 b5 30. a3 Bc4 31. Kd4 Ke6 32.
Kc5 f5 33. e5 Bf1 34. g3 h6 35. Nd5 Kd7 36. Nb6+ Kc7 37. e6 Kd8 38. Kd6 Bc4
39. e7+ Ke8 40. Na8 Kf7 41. Nc7 Be6 42. e8=Q+ Kg7 43. Nxe6+ Kh7 44. Qf7+
Kh8 45. Qg7# { Black checkmated } 1-0

[Event "ICC tourney 2533 (25 5)"]
[Site "Internet Chess Club"]
[Date "2021.04.24"]
[Round "3"]
[White "WANG, OLLI:K09-17042860"]
[Black "MAHESHWARI, JAYANT:K09-14966376"]
[Result "0-1"]
[ICCResult "White checkmated"]
[WhiteElo "958"]
[BlackElo "2059"]
[Opening "Danish gambit"]
[ECO "C21"]
[NIC "KP.04"]
[Time "15:15:02"]
[PlyCount "98"]
[TimeControl "1500+5"]

1. e4 e5 2. d4 exd4 3. c3 Qe7 4. cxd4 Qxe4+ 5. Be3 Bb4+ 6. Nc3 Nf6 7. Qd2
Qg6 8. Nf3 Ne4 9. Ne5 Nxd2 10. Nxg6 Nf3+ 11. gxf3 hxg6 12. Bd2 Nc6 13. d5
Nd4 14. O-O-O Nxf3 15. Be2 Nxd2 16. Rxd2 Bxc3 17. bxc3 d6 18. Rd3 O-O 19.
h4 Bf5 20. Rf3 Bg4 21. Re3 Bxe2 22. Rxe2 Rfe8 23. Rhe1 Kf8 24. Kd2 Rxe2+
25. Rxe2 Re8 26. Re3 Rxe3 27. Kxe3 Ke7 28. Ke4 c6 29. dxc6 bxc6 30. c4 Ke6
31. a4 a5 32. f3 d5+ 33. cxd5+ cxd5+ 34. Kf4 Kd6 35. Ke3 Kc5 36. f4 Kc4 37.
Ke2 Kc3 38. Kd1 Kd3 39. Ke1 Kc2 40. Ke2 d4 41. h5 gxh5 42. f5 d3+ 43. Ke1
d2+ 44. Kf2 d1=Q 45. Kg3 Qg4+ 46. Kf2 Kd2 47. f6 gxf6 48. Kf1 Ke3 49. Ke1
Qe2# { White checkmated } 0-1

[Event "ICC tourney 2533 (25 5)"]
[Site "Internet Chess Club"]
[Date "2021.04.24"]
[Round "3"]
[White "KIM, CALVIN:K09-16320250"]
[Black "SAMICH, MATTHEW:K09-15692130"]
[Result "0-1"]
[ICCResult "White checkmated"]
[WhiteElo "778"]
[BlackElo "1348"]
[Opening "French defense"]
[ECO "C00"]
[NIC "FR.01"]
[Time "15:13:27"]
[PlyCount "128"]
[TimeControl "1500+5"]

1. e4 e6 2. Nf3 d5 3. exd5 exd5 4. d4 Nf6 5. Bf4 c6 6. Bd3 Bg4 7. Nbd2 Nbd7
8. O-O Be7 9. Re1 O-O 10. h3 Bh5 11. c4 dxc4 12. Bxc4 Nb6 13. Bb3 Bb4 14.
a3 Bxd2 15. Bxd2 Bxf3 16. Qxf3 Qxd4 17. Rad1 Nfd5 18. Qg3 Rfe8 19. Rxe8+
Rxe8 20. Bh6 Qxb2 21. Bxd5 Nxd5 22. Rd2 Qf6 23. Bg5 Qg6 24. Re2 f6 25.
Rxe8+ Qxe8 26. Bh6 Qg6 27. Bf4 Nxf4 28. Qxf4 Qb1+ 29. Kh2 h6 30. Qb8+ Kh7
31. Qxa7 Qb2 32. g3 b5 33. Kg2 Qc2 34. Qb6 Qe4+ 35. f3 Qe2+ 36. Qf2 Qxf2+
37. Kxf2 Kg6 38. Ke3 Kf5 39. Kd4 Ke6 40. g4 Kd6 41. f4 c5+ 42. Kc3 Kd5 43.
Kd3 c4+ 44. Ke3 Kc5 45. Kd2 Kd4 46. g5 hxg5 47. fxg5 fxg5 48. Kc2 Ke4 49.
Kd2 Kf3 50. Ke1 Kg3 51. a4 bxa4 52. Kf1 a3 53. h4 a2 54. hxg5 a1=Q+ 55. Ke2
c3 56. g6 c2 57. Kd3 c1=Q 58. Ke2 Qab2+ 59. Kd3 Qcc3+ 60. Ke4 Qbb4+ 61. Kd5
Qcc5+ 62. Ke6 Qbb6+ 63. Kd7 Qcc7+ 64. Ke8 Qbb8# { White checkmated } 0-1

[Event "ICC tourney 2533 (25 5)"]
[Site "Internet Chess Club"]
[Date "2021.04.24"]
[Round "3"]
[White "SUDARSHAN IYENGAR, VARSHA:K09-15871248"]
[Black "SAI MEIYALAGAN, RUBAN:K09-30018746"]
[Result "0-1"]
[ICCResult "White checkmated"]
[WhiteElo "917"]
[BlackElo "1591"]
[Opening "Sicilian: closed"]
[ECO "B23"]
[NIC "SI.44"]
[Time "15:13:01"]
[PlyCount "108"]
[TimeControl "1500+5"]

1. e4 c5 2. Nc3 e6 3. Nf3 d5 4. exd5 exd5 5. d4 Nf6 6. Be2 Be7 7. O-O O-O
8. Bg5 Be6 9. Re1 Nc6 10. Bb5 a6 11. Bxc6 bxc6 12. dxc5 Bxc5 13. Qd2 h6 14.
Bh4 Be7 15. Ne5 c5 16. Nc6 Qd6 17. Nxe7+ Qxe7 18. Nxd5 Qd7 19. Bxf6 Qxd5
20. Qxd5 Bxd5 21. Be7 Rfc8 22. b3 Rc7 23. Bd6 Rc6 24. Bg3 c4 25. h3 cxb3
26. cxb3 Rac8 27. Bf4 g5 28. Be5 f6 29. Bg3 Kf7 30. h4 a5 31. hxg5 hxg5 32.
f4 Rc2 33. fxg5 Rxg2+ 34. Kf1 Rxg3 35. gxf6 Rc2 36. Re7+ Kxf6 37. Re2 Rcc3
38. Rf2+ Rgf3 39. Rxf3+ Rxf3+ 40. Ke2 Rc3 41. Kd2 Rc5 42. Rc1 Rxc1 43. Kxc1
Ke6 44. Kb2 Bc6 45. Ka3 Kd6 46. Kb2 Kc5 47. a3 Kd4 48. Kc2 Bb5 49. a4 Bd3+
50. Kb2 Be4 51. Ka3 Kc3 52. Ka2 Bd5 53. Ka3 Bg8 54. b4 axb4# { White
checkmated } 0-1

[Event "ICC tourney 2533 (25 5)"]
[Site "Internet Chess Club"]
[Date "2021.04.24"]
[Round "3"]
[White "MEI, AUSTIN R:K09-16090452"]
[Black "YANG XIAO, STEPHEN:K09-16490714"]
[Result "1-0"]
[ICCResult "Black resigns"]
[WhiteElo "2149"]
[BlackElo "1612"]
[Opening "French: Chigorin variation"]
[ECO "C00"]
[NIC "FR.01"]
[Time "15:13:53"]
[PlyCount "63"]
[TimeControl "1500+5"]

1. e4 e6 2. Qe2 c5 3. Nf3 Nc6 4. g3 Be7 5. Bg2 Nf6 6. O-O O-O 7. d3 d5 8.
e5 Nd7 9. h4 f6 10. exf6 Nxf6 11. Bf4 Bd6 12. Bxd6 Qxd6 13. Re1 Bd7 14. c3
Rae8 15. d4 Ne4 16. Nbd2 Nf6 17. Nb3 b6 18. Ne5 cxd4 19. cxd4 a5 20. Rad1
a4 21. Nc1 Qb4 22. Ncd3 Qb5 23. Nxc6 Bxc6 24. Nf4 Qxe2 25. Rxe2 Bd7 26.
Rde1 Kf7 27. Bh3 Ne4 28. Nxd5 exd5 29. Bxd7 Re7 30. Bxa4 Rc7 31. Bb3 Ke6
32. Rxe4+ { Black resigns } 1-0

[Event "ICC tourney 2533 (25 5)"]
[Site "Internet Chess Club"]
[Date "2021.04.24"]
[Round "3"]
[White "HAN, JOHNNY:K09-15484292"]
[Black "MENON, GAURI:K09-15187152"]
[Result "0-1"]
[ICCResult "White resigns"]
[WhiteElo "1522"]
[BlackElo "1960"]
[Opening "Ruy Lopez: exchange variation, 5.O-O"]
[ECO "C68"]
[NIC "RL.08"]
[Time "15:12:42"]
[PlyCount "58"]
[TimeControl "1500+5"]

1. e4 e5 2. Nf3 Nc6 3. Bb5 a6 4. Bxc6 dxc6 5. O-O Bd6 6. d4 Bg4 7. dxe5
Bxf3 8. Qxf3 Bxe5 9. Nc3 Nf6 10. Bg5 O-O 11. Bxf6 Qxf6 12. Qxf6 Bxf6 13. f4
Bd4+ 14. Kh1 Rad8 15. Rad1 Bxc3 16. bxc3 Rfe8 17. e5 Rd5 18. h3 Red8 19.
Rb1 b6 20. Rbc1 Kf8 21. Kh2 Ra5 22. Ra1 Rd2 23. Rfc1 Ra3 24. c4 Rc3 25. c5
Rxc5 26. c3 Rd3 27. Rd1 Rcxc3 28. Rxd3 Rxd3 29. Rc1 c5 { White resigns }
0-1

[Event "ICC tourney 2533 (25 5)"]
[Site "Internet Chess Club"]
[Date "2021.04.24"]
[Round "3"]
[White "ROLAND MOLNAR, MIHAI:K09-16645268"]
[Black "THIMMASAMUDRAM, SANDEEP:K09-16278356"]
[Result "1-0"]
[ICCResult "Black checkmated"]
[WhiteElo "1421"]
[BlackElo "863"]
[Opening "Scotch game"]
[ECO "C45"]
[NIC "SO.04"]
[Time "15:14:25"]
[PlyCount "89"]
[TimeControl "1500+5"]

1. e4 e5 2. Nf3 Nc6 3. d4 exd4 4. Nxd4 Nxd4 5. Qxd4 d6 6. Bc4 a6 7. O-O c5
8. Qe3 Nf6 9. e5 dxe5 10. Qxe5+ Be7 11. Re1 O-O 12. Qxe7 Qd4 13. Bd3 Bd7
14. Qe3 Rfe8 15. Qd2 Rxe1+ 16. Qxe1 Re8 17. Qd1 Bg4 18. Qf1 c4 19. Bxc4 Ne4
20. Be3 Qxb2 21. Nd2 Nxd2 22. Bxd2 Qxc2 23. Be3 b5 24. Bd3 Qc6 25. h3 Be6
26. Rc1 Qd5 27. Qe2 f5 28. Rc5 Qd7 29. Rc1 Bf7 30. Qc2 Be6 31. g4 fxg4 32.
Bxh7+ Kh8 33. Bg6 Rf8 34. Qc5 Rc8 35. Qh5+ Kg8 36. Qh7+ Kf8 37. Qh8+ Ke7
38. Rxc8 Qd1+ 39. Kh2 g3+ 40. Kxg3 Qg1+ 41. Kf3 Qd1+ 42. Kg2 Bd5+ 43. Kg3
Qf3+ 44. Kh4 Be6 45. Qd8# { Black checkmated } 1-0

[Event "ICC tourney 2533 (25 5)"]
[Site "Internet Chess Club"]
[Date "2021.04.24"]
[Round "3"]
[White "BABENKO, ARIEL:K09-15837661"]
[Black "UZ, KAGAN:K09-16434922"]
[Result "0-1"]
[ICCResult "White checkmated"]
[WhiteElo "979"]
[BlackElo "1809"]
[Opening "Scotch game"]
[ECO "C45"]
[NIC "SO.05"]
[Time "15:13:28"]
[PlyCount "66"]
[TimeControl "1500+5"]

1. e4 e5 2. Nf3 Nc6 3. d4 exd4 4. Nxd4 Bc5 5. Be3 Qf6 6. c3 Nge7 7. Bc4 Ne5
8. Bb3 d6 9. O-O Ng4 10. Qd2 Qe5 11. f4 Qxe4 12. Re1 Nxe3 13. Rxe3 Qg6 14.
Bc2 Qf6 15. Qe2 Kd8 16. Kh1 Nd5 17. Rf3 Bxd4 18. cxd4 Re8 19. Qf2 Bg4 20.
Rg3 Qxf4 21. Qg1 Ne3 22. Bd3 Nd1 23. Nc3 Nf2+ 24. Qxf2 Qxf2 25. h3 Qxg3 26.
hxg4 Qxd3 27. Rg1 Re3 28. g3 Kd7 29. Kh2 Rae8 30. Kh3 Qxd4 31. Nd1 Re2 32.
Rf1 Qd2 33. Rh1 Qh6# { White checkmated } 0-1

[Event "ICC tourney 2533 (25 5)"]
[Site "Internet Chess Club"]
[Date "2021.04.24"]
[Round "3"]
[White "LU, JASON:K09-15264313"]
[Black "ZHUANG, KYLE:K09-16368295"]
[Result "1-0"]
[ICCResult "Black resigns"]
[WhiteElo "2203"]
[BlackElo "1637"]
[Opening "Sicilian: dragon, Yugoslav attack, Rauser variation"]
[ECO "B76"]
[NIC "SI.17"]
[Time "15:14:59"]
[PlyCount "83"]
[TimeControl "1500+5"]

1. e4 c5 2. Nf3 d6 3. d4 cxd4 4. Nxd4 Nf6 5. Nc3 g6 6. Be3 Bg7 7. f3 O-O 8.
Qd2 Nc6 9. O-O-O d5 10. Qe1 e5 11. Nxc6 bxc6 12. exd5 cxd5 13. Bg5 Bb7 14.
Bc4 Qc7 15. Bxf6 dxc4 16. Bxg7 Kxg7 17. Qe3 Rfe8 18. h4 Qb6 19. Rhe1 Re6
20. Na4 Qxe3+ 21. Rxe3 Bc6 22. Nc5 Re7 23. Rde1 Rae8 24. Kd2 Bb5 25. Kc3 a5
26. f4 e4 27. Rxe4 Rxe4 28. Rxe4 Rxe4 29. Nxe4 Bc6 30. Kd4 f5 31. Nd6 Bxg2
32. Nxc4 Be4 33. c3 a4 34. b3 Bb1 35. bxa4 Bxa2 36. a5 Bb3 37. a6 Ba4 38.
Kc5 Bd1 39. Ne3 Bf3 40. Nd5 Kf7 41. a7 Ke6 42. a8=Q { Black resigns } 1-0

[Event "ICC tourney 2533 (25 5)"]
[Site "Internet Chess Club"]
[Date "2021.04.24"]
[Round "3"]
[White "BUTLER, BETTY:K09-17283280"]
[Black "BERGMAN CHUDNOW, BRYAN:K09-15424930"]
[Result "0-1"]
[ICCResult "White checkmated"]
[WhiteElo "357"]
[BlackElo "1759"]
[Opening "King's Indian, 3.Nf3"]
[ECO "E60"]
[NIC "KI.80"]
[Time "15:12:34"]
[PlyCount "68"]
[TimeControl "1500+5"]

1. d4 Nf6 2. c4 g6 3. Nf3 Bg7 4. g3 O-O 5. Bg2 c5 6. Nc3 cxd4 7. Nxd4 Nc6
8. Nc2 d6 9. O-O Be6 10. Nd5 Ne5 11. Nxf6+ Bxf6 12. Bh6 Re8 13. c5 dxc5 14.
Ne3 Nc6 15. Qc2 Qb6 16. Nc4 Qb5 17. Rac1 Nd4 18. Qd3 Red8 19. a4 Qxa4 20.
Bf4 Bg4 21. b3 Qb5 22. Qe4 Nxe2+ 23. Qxe2 Bxe2 24. Rfe1 Bg4 25. Be5 Bxe5
26. Rxe5 Qxb3 27. Ne3 Be6 28. Rcxc5 Rd1+ 29. Bf1 Bh3 30. Rcd5 Rxf1+ 31.
Nxf1 Qb1 32. Rd8+ Rxd8 33. Re1 Qxe1 34. f4 Qxf1# { White checkmated } 0-1

[Event "ICC tourney 2533 (25 5)"]
[Site "Internet Chess Club"]
[Date "2021.04.24"]
[Round "3"]
[White "LUO, TERRY:K09-15210186"]
[Black "KAUR, ARADH:K09-15085398"]
[Result "1-0"]
[ICCResult "Black checkmated"]
[WhiteElo "2232"]
[BlackElo "1706"]
[Opening "Catalan: closed, 7.Qc2"]
[ECO "E08"]
[NIC "QP.08"]
[Time "15:12:21"]
[PlyCount "109"]
[TimeControl "1500+5"]

1. d4 d5 2. c4 e6 3. Nf3 Nf6 4. g3 Nbd7 5. Bg2 Be7 6. O-O O-O 7. Qc2 b6 8.
cxd5 exd5 9. Bf4 c5 10. Nc3 Bb7 11. Rfd1 Rc8 12. dxc5 Nxc5 13. Be5 Nce4 14.
Bd4 Nxc3 15. bxc3 Ne4 16. Nd2 Nxd2 17. Rxd2 Bf6 18. Qb3 Bxd4 19. Rxd4 Qf6
20. Rad1 Rfd8 21. Qa3 a5 22. c4 Ba8 23. Qd3 Rd6 24. cxd5 Rcd8 25. e4 Qe7
26. Qc3 f6 27. Rc4 Qe8 28. Rc7 R6d7 29. Rxd7 Qxd7 30. Rc1 Qe8 31. Qc7 Rb8
32. d6 Qd8 33. Bh3 Bb7 34. Be6+ Kh8 35. d7 h6 36. Qxd8+ Rxd8 37. Rc8 Bxc8
38. dxc8=Q Rxc8 39. Bxc8 Kg8 40. Kf1 Kf7 41. Ke2 Ke7 42. Kd3 Kd6 43. Kc4
Kc6 44. a4 Kc7 45. Bf5 Kc6 46. f4 Kc7 47. Kb5 Kb7 48. e5 fxe5 49. fxe5 Kc7
50. e6 Kc8 51. e7+ Kc7 52. e8=Q Kb7 53. Qc6+ Kb8 54. Kxb6 g6 55. Qc8# {
Black checkmated } 1-0

[Event "ICC tourney 2533 (25 5)"]
[Site "Internet Chess Club"]
[Date "2021.04.24"]
[Round "3"]
[White "MA, JUSTIN:K09-17058248"]
[Black "GUPTA, RANVIR:K09-16547074"]
[Result "0-1"]
[ICCResult "White checkmated"]
[WhiteElo "1111"]
[BlackElo "166"]
[Opening "Two knights defense (Modern bishop's opening)"]
[ECO "C55"]
[NIC "IG.01"]
[Time "15:13:01"]
[PlyCount "162"]
[TimeControl "1500+5"]

1. e4 e5 2. Nf3 Nc6 3. Bc4 Nf6 4. d3 Bb4+ 5. Nc3 O-O 6. Bg5 Bxc3+ 7. bxc3
Na5 8. Bb3 Nxb3 9. cxb3 h6 10. Bh4 g5 11. Bg3 Nh5 12. Bxe5 f6 13. Bd4 Nf4
14. O-O Ne6 15. Qe2 Nxd4 16. Nxd4 d6 17. Qh5 Qe8 18. Qxh6 Rf7 19. Qg6+ Kf8
20. Nf5 Bxf5 21. Qxf5 Qc8 22. Qd5 Rh7 23. Rfe1 Qg4 24. Re3 Qf4 25. h3 c6
26. Qc4 d5 27. Qc5+ Kg8 28. Rf3 Qc7 29. exd5 Qb6 30. Qd6 Qd8 31. Qg3 Qxd5
32. Rxf6 Rg7 33. Re1 Rf7 34. Rg6+ Rg7 35. Rxg7+ Kxg7 36. Re5 Qf7 37. Rxg5+
Kf8 38. Qd6+ Qe7 39. Rf5+ Ke8 40. Qg6+ Kd8 41. Qg8+ Kd7 42. Rf7 Rxg8 43.
Rxe7+ Kxe7 44. g3 Rd8 45. d4 b6 46. h4 Kf6 47. g4 Rh8 48. h5 Kg5 49. f3 Rf8
50. Kg2 Kh4 51. h6 Rh8 52. c4 Rxh6 53. b4 Rd6 54. c5 Rxd4 55. cxb6 axb6 56.
a3 c5 57. bxc5 bxc5 58. Kf2 Ra4 59. Ke3 Rxa3+ 60. Ke4 Ra4+ 61. Kd5 c4 62.
f4 Kxg4 63. Ke5 c3 64. f5 Ra5+ 65. Kd4 c2 66. f6 Rf5 67. f7 Rxf7 68. Kd3
c1=Q 69. Kd4 Rd7+ 70. Ke5 Qe1+ 71. Kf6 Rd3 72. Kf7 Rf3+ 73. Kg6 Kf4 74. Kf6
Ke4+ 75. Ke6 Kd3+ 76. Kd5 Qe4+ 77. Kc5 Rf5+ 78. Kd6 Rd5+ 79. Kc6 Qc4+ 80.
Kb6 Rb5+ 81. Ka6 Qa4# { White checkmated } 0-1

[Event "ICC tourney 2533 (25 5)"]
[Site "Internet Chess Club"]
[Date "2021.04.24"]
[Round "3"]
[White "RAMASAMY, KAVIN:K09-16465450"]
[Black "QUAN, JAKE TAYLOR:K09-15117746"]
[Result "0-1"]
[ICCResult "White checkmated"]
[WhiteElo "915"]
[BlackElo "1582"]
[Opening "Réti: King's Indian attack (Barcza system)"]
[ECO "A07"]
[NIC "QP.09"]
[Time "15:12:37"]
[PlyCount "80"]
[TimeControl "1500+5"]

1. Nf3 d5 2. g3 Nf6 3. Bg2 g6 4. O-O Bg7 5. d3 O-O 6. Nbd2 c5 7. Re1 Nc6 8.
e4 Bg4 9. e5 Nd7 10. h3 Bxf3 11. Nxf3 Ndxe5 12. Bf4 Nxf3+ 13. Qxf3 Bxb2 14.
Rab1 Bc3 15. Re2 Nd4 16. Qg4 h5 17. Qg5 Nxe2+ 18. Kf1 Nxf4 19. gxf4 e6 20.
Qg3 Rb8 21. Rb3 Bf6 22. Bf3 Kh7 23. c4 dxc4 24. dxc4 Qd4 25. Be2 Qa1+ 26.
Kg2 Qxa2 27. Re3 Qb2 28. Bf1 a5 29. Rb3 Qd4 30. Qf3 a4 31. Rxb7 Rxb7 32.
Qxb7 a3 33. Qa6 Qb2 34. Bd3 a2 35. Qxa2 Qxa2 36. h4 Bxh4 37. Kh3 Qxf2 38.
Bxg6+ Kxg6 39. f5+ Kg5 40. fxe6 Qg3# { White checkmated } 0-1

[Event "ICC tourney 2533 (25 5)"]
[Site "Internet Chess Club"]
[Date "2021.04.24"]
[Round "3"]
[White "KALIKIRI, SAKETH:K09-15532792"]
[Black "HUANG, VINSON:K09-16952520"]
[Result "1-0"]
[ICCResult "Black resigns"]
[WhiteElo "1181"]
[BlackElo "614"]
[Opening "French defense"]
[ECO "C00"]
[NIC "FR.01"]
[Time "15:12:20"]
[PlyCount "51"]
[TimeControl "1500+5"]

1. e4 e6 2. Nf3 d5 3. exd5 exd5 4. d4 Nf6 5. Nc3 Bd6 6. Bg5 c6 7. Qe2+ Be7
8. Bxf6 gxf6 9. Qd3 c5 10. dxc5 Bxc5 11. Qxd5 Qe7+ 12. Be2 Nc6 13. O-O-O
Bxf2 14. Ne4 Be6 15. Qb5 a6 16. Qa4 Be3+ 17. Kb1 Bf4 18. Bb5 Bd7 19. Rhe1
O-O 20. Bf1 Rfd8 21. Nd6 Ne5 22. Qxf4 Bg4 23. Qxg4+ Nxg4 24. Rxe7 h6 25.
Be2 Nf2 26. Rd2 { Black resigns } 1-0

[Event "ICC tourney 2533 (25 5)"]
[Site "Internet Chess Club"]
[Date "2021.04.24"]
[Round "3"]
[White "FRANCISCO VARELA, CARLOS:K09-16399805"]
[Black "KUMARAVEL, JAIKIRAN:K09-15581132"]
[Result "0-1"]
[ICCResult "White resigns"]
[WhiteElo "2011"]
[BlackElo "1488"]
[Opening "Evans gambit"]
[ECO "C52"]
[NIC "IG.05"]
[Time "15:12:12"]
[PlyCount "52"]
[TimeControl "1500+5"]

1. e4 e5 2. Nf3 Nc6 3. Bc4 Bc5 4. b4 Bxb4 5. c3 Ba5 6. d4 exd4 7. O-O Nf6
8. Qb3 O-O 9. cxd4 Nxe4 10. Ba3 d6 11. Bd5 Nf6 12. Bxc6 bxc6 13. Qa4 Bb6
14. Qxc6 Bd7 15. Qc2 Re8 16. Nbd2 Bb5 17. Rfe1 Qd7 18. Nc4 Qc6 19. Rec1
Qxc4 20. Qxc4 Bxc4 21. Rxc4 Re2 22. Bb4 Rae8 23. a4 a5 24. Be1 Rb2 25. Bc3
Rc2 26. Rd1 Nd5 { White resigns } 0-1

[Event "ICC tourney 2533 (25 5)"]
[Site "Internet Chess Club"]
[Date "2021.04.24"]
[Round "3"]
[White "ALBERT STERN, MATTHEW:K09-16865142"]
[Black "TRAN, NUGEN:K09-16809941"]
[Result "0-1"]
[ICCResult "White resigns"]
[WhiteElo "789"]
[BlackElo "1350"]
[Opening "Giuoco Pianissimo"]
[ECO "C24"]
[NIC "IG.04"]
[Time "15:13:05"]
[PlyCount "104"]
[TimeControl "1500+5"]

1. e4 e5 2. Bc4 Nf6 3. d3 Nc6 4. Nf3 Bc5 5. O-O h6 6. Nc3 O-O 7. Nd5 d6 8.
Qe2 Be6 9. Nxf6+ Qxf6 10. Bxe6 fxe6 11. Be3 Nd4 12. Bxd4 Bxd4 13. Nxd4 exd4
14. h3 Rae8 15. Rae1 e5 16. a3 a6 17. Qg4 Qe6 18. Qh4 Rf4 19. Qh5 Ref8 20.
f3 R8f6 21. g3 Rg6 22. Kh2 Rf7 23. f4 exf4 24. gxf4 Rgf6 25. f5 Qe5+ 26.
Kg2 b5 27. b4 c5 28. bxc5 Qxc5 29. Ra1 Qxc2+ 30. Kg1 Qxd3 31. Qg4 Qe3+ 32.
Rf2 Qc3 33. Qf4 Qxa1+ 34. Rf1 Qxa3 35. e5 dxe5 36. Qxe5 Qe3+ 37. Qxe3 dxe3
38. Re1 Re7 39. Kf1 Rxf5+ 40. Kg2 b4 41. Kg3 Rb5 42. Kf3 b3 43. Rxe3 Rxe3+
44. Kxe3 b2 45. h4 b1=Q 46. h5 Re5+ 47. Kd4 Qe4+ 48. Kc3 Rc5+ 49. Kd2 Rd5+
50. Kc3 Qe1+ 51. Kb3 Qc1 52. Kb4 Rb5+ { White resigns } 0-1

[Event "ICC tourney 2533 (25 5)"]
[Site "Internet Chess Club"]
[Date "2021.04.24"]
[Round "3"]
[White "REMPE, LENNIK:K09-15868931"]
[Black "ELLIE WANG, YINGYUAN:K09-16257406"]
[Result "1-0"]
[ICCResult "Black checkmated"]
[WhiteElo "1144"]
[BlackElo "507"]
[Opening "King's knight opening"]
[ECO "C40"]
[NIC "KP.10"]
[Time "15:14:45"]
[PlyCount "49"]
[TimeControl "1500+5"]

1. e4 e5 2. Nf3 Bd6 3. d3 Nf6 4. Nc3 O-O 5. Bg5 Nc6 6. Nd5 h6 7. Nxf6+ gxf6
8. Bxh6 Re8 9. Nd2 Bf8 10. Qg4+ Kh8 11. Qh5 Bxh6 12. Qxh6+ Kg8 13. Rg1 Nd4
14. g4 Nxc2+ 15. Kd1 Nxa1 16. g5 fxg5 17. Rxg5+ Qxg5 18. Qxg5+ Kh7 19. Qf6
Rf8 20. Bh3 d6 21. Nf3 Bxh3 22. Ng5+ Kg8 23. Qh6 Rfe8 24. Qh7+ Kf8 25.
Qxf7# { Black checkmated } 1-0